Workbook

Sheet Modelo 0.1
C6: MODELO 0.1
C7: DECLARACIÓN DE LOS CORREDORES DE SEGUROS, PERSONAS FÍSICAS
A9: Ejercicio: 2025 | D9: Clave de inscripción | I9: (Ejemplo: F0888GA)
A11: NIF:
A12: Nombre:
A13: Domicilio:
A14: Población: | F14: Provincia | I14: Código Postal:
A15: Teléfono: | F15: Fax: | I15: Móvil:
A16: Correo electrónico: | G16: Dominio Internet:
B18: DECLARA: Que los datos contenidos en esta documentación recogen fielmente la información estadístico-
B19: contable anual del corredor de seguros.
A21: ■ RESPONSABILIDAD CIVIL PROFESIONAL: Según lo previsto en el artículo 157.g) del RD-ley 3/2020(Marque con una "X")
B22: Que tiene contratada póliza de seguro de responsabilidad civil profesional, u otra garantía financiera, con cobertura en
B23: todo el territorio del Espacio Económico Europeo con la entidad
B24: con una garantía de | G24: €, y con de efecto desde el
B25: al | D25: adjuntando copia del correspondiente recibo de prima o, en su caso, justificante de vigencia (1)
A27: ■ CAPACIDAD FINANCIERA: Según lo previsto en el artículo 157.f) del RD-ley 3/2020 (Marque con una "X")
A29: A | C29: Contractualmente, se ha pactado de forma expresa con las entidades aseguradoras, que todos los importes abonados
C30: por la clientela se realizarán directamente a través de domiciliación bancaria en cuentas abiertas a nombre de las entida-
C31: des aseguradoras y que todas las cantidades abonadas en concepto de indemnizaciones se entregarán directamente
C32: por las entidades aseguradoras a los tomadores de seguros, asegurados o beneficiarios.
A34: B | C34: Que ha asumido el compromiso de ofrecer a los tomadores una cobertura inmediata entregándoles el recibo emitido por
C35: la entidad aseguradora, y las cantidades abonadas en concepto de indemnizaciones se entregarán directamente por
C36: las entidades aseguradoras a los tomadores de seguros, asegurados o beneficiarios.
A38: C | C38: Que tiene contratado
C39: ● Un aval emitido por la entidad financiera
C40: ● Seguro de caución con la entidad
C41: por un importe de | G41: €, adjuntando el justificante de la vigencia (1).
C44: (1) Se anexará al envío telemático de esta información como documento escaneado
A47: ■ FONDOS DE CLIENTES
C49: No recibe fondos de clientes: Contractualmente, se ha pactado de forma expresa con las entidades aseguradoras, que todos los importes abonados
C50: por la clientela se realizarán directamente a través de domiciliación bancaria en cuentas abiertas a nombre de las entidades aseguradoras,
C51: y que todas las cantidades abonadas en concepto de indemnizaciones se entregarán directamente por las entidades aseguradoras a los tomadores
C52: de seguros, asegurados o beneficiarios.
C53: Recibe fondos de clientes y dispone de cuentas completamente separadas de acuerdo con lo dispuesto en el artículo 136.4 del RD-ley 3/2020
C55: Identificación cuenta corriente clientes (IBAN):
B57: ■ DATOS DE ATENCIÓN AL CLIENTE:
C59: Cuento con un Departamento o Servicio de Atención al Cliente | H59: Titular:
H60: NIF:
C62: Tengo contratado el Servicio de Atención al Cliente con: | H62: Titular:
H63: NIF:
C65: Nº de reclamaciones presentadas durante el año
C66: Nº de reclamaciones resueltas durante el año
C68: Los recibos de los seguros de RC y Caución (1), o acreditación de cumplir la capacidad financiera, si aplica, deben cubrir el periodo comprendido desde el 1 de enero de 2025 hasta la fecha actual.
C71: El responsable del tratamiento de sus datos personales es: DIRECCCIÓN GRAL. DE POLÍTICA ECONÓMICA La finalidad de este tratamiento es: Cumplimiento de los requisitos y obligaciones para el ejercicio de la actividad de mediación de seguros en la Comunidad Autónoma de Aragón en cumplimiento de las disposiciones del Real Decreto-ley 3/2020, de 4 de febrero, de medidas urgentes por el que se incorporan al ordenamiento jurídico español diversas directivas de la Unión Europea en el ámbito de la contratación pública en determinados sectores; de seguros privados; de planes y fondos de pensiones; del ámbito tributario y de litigios fiscales. La legitimación para realizar el tratamiento de sus datos nos la da: obligación legal para el responsable. No vamos a comunicar sus datos personales a terceros destinatarios salvo obligación legal. Se pueden ejercitar los derechos de acceso, rectificación, supresión ,portabilidad de los datos , y los de limitación y oposición a los tratamientos , así como a no ser objeto de decisiones individuales automatizadas , a través de la sede electrónica de la Administración de la Comunidad Autónoma de Aragón con los formularios normalizados disponibles. Puede obtener información adicional en el Registro de Actividades de Tratamiento del Gobierno de Aragón, en el siguiente enlace https://aplicaciones.aragon.es/notif_lopd_pub/details.action?fileId=523

Sheet Modelo 1
A6: MODELO 1
A7: ESTRUCTURA DE LA ORGANIZACIÓN
A9: ='Modelo 0.1'!A9 -> Ejercicio: 2025 | E9: Clave de inscripción: | H9: ='Modelo 0.1'!F9 -> 0
A10: Nombre/Denominación social:
A12: MEDIOS PERSONALES | D12: Organo de Administración | F12: Órgano de dirección | H12: Responsable actividad distribución | J12: Empleados | L12: Colaboradores externos | N12: Otro personal | Q12: TOTAL
A14: Afectos a la actividad de distribución | Q14: =D14+F14+H14+J14+L14 -> 0
A15: NO afectos a la actividad de distribución | Q15: =SUM(D15:P15) -> 0
O16: TOTAL | Q16: =Q14+Q15 -> 0
A18: MEDIOS PERSONALES AFECTOS A LA ACTIVIDAD DE MEDIACIÓN | C18: Nº total de personas | G18: Formación continua (1)
C19: Formación previa | F19: Total | G19: Nivel de formación | K19: Horas | L19: Medios | N19: Gasto (€)
C20: Grupo A) | D20: Grupo B) | E20: Grupo C) | G20: 1 | H20: 2 | I20: 3 | J20: 4 | L20: 1 | M20: 2
A21: Órgano de dirección | F21: =SUM(C21:E21) -> 0
A22: Empleados | F22: =SUM(C22:E22) -> 0
A23: Colaboradores externos | F23: =SUM(C23:E23) -> 0
A24: Otro personal | F24: =SUM(C24:E24) -> 0
A25: TOTAL | C25: =SUM(C21:C24) -> 0 | D25: =SUM(D21:D24) -> 0 | E25: =SUM(E21:E24) -> 0 | F25: =SUM(F21:F24) -> 0 | J25: TOTAL | K25: =K21+K22+K23+K24 -> 0 | M25: TOTAL | N25: =N21+N22+N23+N24 -> 0
A27: Datos de la sede profesional o social
A28: Régimen de utilizacion * | C28: MEDIOS PERSONALES (número) | L28: Primas devengadas intermediadas (€)
C29: Afectos a la actividad de mediación | F29: NO afectos a la actividad de mediación
A32: OFICINAS | C32: Datos de las sucursales
C33: Domicilio | E33: Provincia | F33: Medios personales (número) | L33: Primas devengadas intermediadas (€)
F34: Afectos a la actividad de mediación | I34: NO afectos a la actividad de mediación
A38: TOTAL | F38: =SUM(F35:H37) -> 0 | I38: =SUM(I35:K37) -> 0 | L38: =L35+L36+L37 -> 0
A41: Medios personales:
A43: · Órgano de Administración: número de personas que integran el Órgano de Administración
A44: · Órgano de dirección: Número de personas que integran el órgano de dirección responsable de la mediación, y las que ejercen
A45: la dirección técnica o puesto asimilado.
A46: · Responsable de la Actividad de Distribución:persona que ejercer la actividad de dirección de la actividad de distribución
A47: · Empleados: Número de persona empleadas con contrato laboral.
A48: · Colaboradores externos: Número de colaboradores externos que integran la red de distribución externa del agente de seguros vinculado.
A49: · Red de Distribución: número de personas que integran las redes o canales de distribución (oficinas, via internet, telefóica)
A50: · Otro personal: Número de personas que prestan funciones sin contrato laboral o mercantil (familiares, socios, administradores)
A52: Formación continua:
A54: · Nivel: Se marcará con una X la columna que corresponda en función de que la formación recibida por cada colectivo haya sido
A55: elemental, de reciclaje o sobre productos.
... A74: anulaciones, en cada una de las oficinas.

Sheet Modelo 2.1.1
A6: MODELO 2.1.1
A7: CARTERA DE SEGUROS INTERMEDIADA. DISTRIBUCIÓN
A9: ='Modelo 0.1'!A9 -> Ejercicio: 2025 | C9: Clave de inscripción: | G9: ='Modelo 0.1'!F9 -> 0
A10: Nombre /Denominación social: | D10: ='Modelo 0.1'!D12 -> 0
A13: Volumen total de negocio:
A14: N.º entidades | B14: Primas intermediadas | C14: % Vida | D14: % No vida | E14: Red propia | F14: Red de distribución externa | I14: Primas cobradas | K14: Remuneraciones
F15: Colaboradores Externos | H15: Otros Corredores | I15: Cobertura inmediata | J15: Sin cobertura inmediata | K15: Comisiones | L15: Honorarios
A17: Seleccione… | B17: ='Modelo 2.2'!$C$42+'Modelo 2.3'!$D$22 -> 0 | C17: ='Modelo 2.3'!$D$22*100/$B$17 -> #DIV/0! | D17: ='Modelo 2.2'!$C$42*100/$B$17 -> #DIV/0! | E17: =B17-(F17+G17+H17) -> 0
A20: Nueva Producción:
A21: N.º entidades | B21: Primas intermediadas | C21: % Vida | D21: % No vida | E21: Red propia | F21: Red de distribución externa | I21: Primas cobradas | K21: Remuneraciones
F22: Colaboradores Externos | H22: Otros Corredores | I22: Cobertura inmediata | J22: Sin cobertura inmediata | K22: Comisiones | L22: Honorarios
A24: Seleccione… | B24: ='Modelo 2.2'!$G$42+'Modelo 2.3'!$D$34 -> 0 | C24: ='Modelo 2.3'!$D$34*100/$B$24 -> #DIV/0! | D24: ='Modelo 2.2'!$G$42*100/$B$24 -> #DIV/0! | E24: =B24-(F24+G24+H24) -> 0
A27: ¿Intermedian Productos de inversión basados en seguros? (IBIP's): (marcar con una "X" lo que corresponda)
A29: SI | B29: NO
A31: ¿Comercializa fondos o planes de pensiones? (marcar con una "X" lo que corresponda)
A33: SI: | C33: Entidad para la que comercializa: | H33: Honorarios:
A34: NO:
A39: Volumen total de negocio por entidad aseguradora:
A40: Clave Entidad Aseguradora | C40: Denominación Entidad Aseguradora | G40: Primas devengadas intermediadas
A96: =+IF(INT(G96)-INT(B17)=0,,"EL IMPORTE DEBE COINCIDIR CON LAS PRIMAS INTERMEDIADAS CONSIGNADAS EN LA CELDA B17, PROCEDENTE DE LA AGREGACIÓN DE LOS MODELOS 2.2 Y 2.3") -> 0 | G96: =SUM(G41:I95) -> 0
A99: Nº de entidades: Cumplimentar las columnas restantes según el intervalo correspondiente al número de entidades en las que se
A100: encuentran colocadas las pólizas intermediadas (≤3, 4-6, 7-15, >15).
A101: Volumen total de negocio: Importe total de las primas intermediadas. Estas casillas se autorellenan con la información de los modelos 2.2 y 2.3
A102: Nueva producción: Parte de las primas devengadas intermediadas corrrespondientes a contratos perfeccionados en el ejercicio
A103: (de 1 de enero a 31 de diciembre)
A104: Primas devengadas intermediadas: Se entiende por pirmas devengadas intermediadas en el ejercicio, las correspondientes a contratos perfeccionados o prorrogados en el ejercicio, en relación con las cuales el derecho del asegurador al cobro de las mismas surgen durante el mencionado periodo, netas de anulaciones y que han sido mediadas por el corredor de seguros.
A105: % Vida, % No vida: Indicar la distribución porcentual de las primas intermediadas según correspondan a ramos de Vida o de No Vida .
A106: Red propia: Importe de las primas allegadas a través de los medios que configuran la estructura de la organización propia del corredor de seguros.
A107: Red de distribucion externa:
A108: ○ Colaboradores externos: Importe de las primas allegadas a través de los colaboradores externos del corredor de seguros.
A109: ○ Otros Corredores: Importe de las primas allegadas a través de otros corredores, ya sean personas físicas o juridicas que actúan
A110: bajo la dirección y responsabilidad del corredor que presenta la información estadistico contable.
... A121: >15

Sheet Modelo 2.2
A6: MODELO 2.2
A7: CARTERA DE SEGUROS INTERMEDIADA. RAMOS NO VIDA
A9: ='Modelo 0.1'!A9 -> Ejercicio: 2025 | C9: Clave de inscripción: | E9: ='Modelo 0.1'!F9 -> 0
A10: Nombre: | B10: ='Modelo 0.1'!D12 -> 0
A12: RAMOS NO VIDA | C12: VOLUMEN TOTAL DE NEGOCIO | G12: NUEVA PRODUCCIÓN
C13: Primas intermediadas | D13: % Primas | E13: Comisiones devengadas | F13: Honorarios profesionales | G13: Primas intermediadas | H13: % Primas | I13: Comisiones devengadas | J13: Honorarios profesionales
A14: Accidentes | D14: =C14*100/C42 -> #DIV/0! | H14: =G14*100/G42 -> #DIV/0!
A15: Enfermedad | D15: =C15*100/C42 -> #DIV/0! | H15: =G15*100/G42 -> #DIV/0!
A16: Asistencia sanitaria | D16: =C16*100/C42 -> #DIV/0! | H16: =G16*100/G42 -> #DIV/0!
A17: Dependencia (5) | D17: =C17*100/C42 -> #DIV/0! | H17: =G17*100/G42 -> #DIV/0!
A18: Autos (1) | D18: =C18*100/C42 -> #DIV/0! | H18: =G18*100/G42 -> #DIV/0!
A19: Transportes (2) | D19: =C19*100/C42 -> #DIV/0! | H19: =G19*100/G42 -> #DIV/0!
A20: Incendios y elementos naturales (3) | D20: =C20*100/C42 -> #DIV/0! | H20: =G20*100/G42 -> #DIV/0!
A21: Otros daños a los bienes | B21: Seguros agrarios combinados | D21: =C21*100/C42 -> #DIV/0! | H21: =G21*100/G42 -> #DIV/0!
B22: Robo u otros | D22: =C22*100/C42 -> #DIV/0! | H22: =G22*100/G42 -> #DIV/0!
B23: Avería de maquinaria | D23: =C23*100/C42 -> #DIV/0! | H23: =G23*100/G42 -> #DIV/0!
A24: R.C. en general | B24: General | D24: =C24*100/C42 -> #DIV/0! | H24: =G24*100/G42 -> #DIV/0!
B25: Profesional | D25: =C25*100/C42 -> #DIV/0! | H25: =G25*100/G42 -> #DIV/0!
B26: Riesgos nucleares | D26: =C26*100/C42 -> #DIV/0! | H26: =G26*100/G42 -> #DIV/0!
B27: Seguros medioambientales | D27: =C27*100/C42 -> #DIV/0! | H27: =G27*100/G42 -> #DIV/0!
B28: Seguros D&O | D28: =C28*100/C42 -> #DIV/0! | H28: =G28*100/G42 -> #DIV/0!
B29: Otros riesgos | D29: =C29*100/C42 -> #DIV/0! | H29: =G29*100/G42 -> #DIV/0!
A30: Crédito | D30: =C30*100/C42 -> #DIV/0! | H30: =G30*100/G42 -> #DIV/0!
A31: Caución | D31: =C31*100/C42 -> #DIV/0! | H31: =G31*100/G42 -> #DIV/0!
A32: Ciberriesgo (6) | D32: =C32*100/C42 -> #DIV/0! | H32: =G32*100/G42 -> #DIV/0!
A33: Pérdidas diversas (7) | D33: =C33*100/C42 -> #DIV/0! | H33: =G33*100/G42 -> #DIV/0!
A34: Defensa jurídica (4) | D34: =C34*100/C42 -> #DIV/0! | H34: =G34*100/G42 -> #DIV/0!
A35: Asistencia | D35: =C35*100/C42 -> #DIV/0! | H35: =G35*100/G42 -> #DIV/0!
A36: Decesos | D36: =C36*100/C42 -> #DIV/0! | H36: =G36*100/G42 -> #DIV/0!
A37: Multirriesgo hogar | D37: =C37*100/C42 -> #DIV/0! | H37: =G37*100/G42 -> #DIV/0!
A38: Multirriesgo comunidades | D38: =C38*100/C42 -> #DIV/0! | H38: =G38*100/G42 -> #DIV/0!
A39: Multirriesgo comercios | D39: =C39*100/C42 -> #DIV/0! | H39: =G39*100/G42 -> #DIV/0!
A40: Multirriesgo industriales | D40: =C40*100/C42 -> #DIV/0! | H40: =G40*100/G42 -> #DIV/0!
A41: Otros multirriesgos | D41: =C41*100/C42 -> #DIV/0! | H41: =G41*100/G42 -> #DIV/0!
A42: TOTAL NO VIDA | C42: =SUM(C14:C41) -> 0 | D42: =SUM(D14:D41) -> #DIV/0! | E42: =SUM(E14:E41) -> 0 | F42: =SUM(F14:F41) -> 0 | G42: =SUM(G14:G41) -> 0 | H42: =SUM(H14:H41) -> #DIV/0! | I42: =SUM(I14:I41) -> 0 | J42: =SUM(J14:J41) -> 0
A44: 1) Autos: Incluye los ramos 01, 03, 10 y 17 (este último solo si va unido a la póliza de autos).
A45: 2) Transportes: Incluye los ramos 04, 05, 06, 07, 11 y 12.
A46: 3) Incluye todo riesgo daño material.
A47: 4) Solamente las no incorporadas en autos.
A48: 5) Sólo cuando se asocien al ramo 02.
A49: 6) Solamente los contratados de manera independiente a otras coberturas.
A50: 7) Se incluirán aquí los seguros de impago de alquiler

Sheet Modelo 2.3
A6: MODELO 2.3
A7: CARTERA DE SEGUROS INTERMEDIADA. RAMOS VIDA
A9: ='Modelo 0.1'!A9 -> Ejercicio: 2025 | D9: Clave de inscripción: | F9: ='Modelo 0.1'!F9 -> 0
A10: Nombre : | B10: ='Modelo 0.1'!D12 -> 0
D13: VOLUMEN TOTAL DE NEGOCIO
D14: Primas | E14: % Primas | F14: Comisiones | G14: Honorarios
D15: intermediadas (€) | F15: devengadas | G15: profesionales
A16: INDIVIDUAL | B16: Vida riesgo | E16: =D16*100/D22 -> #DIV/0!
B17: Vida ahorro | C17: No IBIPS | E17: =D17*100/D22 -> #DIV/0!
C18: IBIPS | E18: =D18*100/D22 -> #DIV/0!
A19: COLECTIVO | B19: Vida riesgo | E19: =D19*100/D22 -> #DIV/0!
B20: Vida ahorro | C20: No IBIPS | E20: =D20*100/D22 -> #DIV/0!
C21: IBIPS | E21: =D21*100/D22 -> #DIV/0!
A22: TOTAL | D22: =SUM(D16:D21) -> 0 | E22: =SUM(E16:E21) -> #DIV/0! | F22: =SUM(F16:F21) -> 0 | G22: =SUM(G16:G21) -> 0
D25: NUEVA PRODUCCION
D26: Primas | E26: % Primas | F26: Comisiones | G26: Honorarios
D27: intermediadas (€) | F27: devengadas | G27: profesionales
A28: INDIVIDUAL | B28: Vida riesgo | E28: =D28*100/D34 -> #DIV/0!
B29: Vida ahorro | C29: No IBIPS | E29: =D29*100/D34 -> #DIV/0!
C30: IBIPS | E30: =D30*100/D34 -> #DIV/0!
A31: COLECTIVO | B31: Vida riesgo | E31: =D31*100/D34 -> #DIV/0!
B32: Vida ahorro | C32: No IBIPS | E32: =D32*100/D34 -> #DIV/0!
C33: IBIPS | E33: =D33*100/D34 -> #DIV/0!
A34: TOTAL | D34: =SUM(D28:D33) -> 0 | E34: =SUM(E28:E33) -> #DIV/0! | F34: =SUM(F28:F33) -> 0 | G34: =SUM(G28:G33) -> 0
A37: IBIPS: productos de inversión basados en seguros. Productos de seguro que ofrece un valor de vencimiento o de rescate
A38: expuesto total o parcialmente, y directa o indirectamente, a las fluctuaciones del mercado.

Sheet Modelo 3.1
A6: MODELO 3.1
A7: DATOS CONTABLES DEL CORREDOR DE SEGUROS
A9: ='Modelo 0.1'!A9 -> Ejercicio: 2025 | D9: Clave de inscripción: | E9: ='Modelo 0.1'!F9 -> 0
A10: Nombre/ Denominación social: | C10: ='Modelo 0.1'!D12 -> 0
A12: Inversión/ Valor Añadido
A14: CONCEPTOS | F14: €
A15: Valor añadido al coste de los factores (1) | F15: ='Calculadora Valor añadido'!C12 -> 0
A16: Inversión bruta en bienes materiales (2)
A19: INGRESOS Y GASTOS DEL EJERCICIO
F20: €
A21: Importe neto de la cifra de negocios | F21: =F22+F25 -> 0
A22: a) Afecto a la actividad de mediación | F22: =F23+F24 -> 0
A23: a.1) Comisiones percibidas
A24: a.2) Honorarios profesionales
A25: b) Resto de actividades
A26: (+) Otros ingresos de explotación | F26: =SUM(F27:G28) -> 0
A27: a) Afecto a la actividad de mediación
A28: b) Resto de actividades
A29: (-) Gastos de personal | F29: =F30+F31 -> 0
A30: a) Afecto a la actividad de mediación
A31: b) Resto de actividades
A32: (-) Otros gastos de explotación | F32: =SUM(F33:G34) -> 0
A33: a) Afecto a la actividad de mediación
A34: b) Resto de actividades
A35: (+) Ingresos financieros | F35: =F36+F37 -> 0
A36: a) Afecto a la actividad de mediación
A37: b) Resto de actividades
A38: (-) Gastos financieros | F38: =F39+F40 -> 0
A39: a) Afecto a la actividad de mediación
A40: b) Resto de actividades
A41: RESULTADO DE LA(S) ACTIVIDAD(ES) | F41: =F21+F26-F29-F32+F35-F38 -> 0
A43: (1) Valor añadido al coste de los factores: Es la renta bruta de las actividades de explotación tras ajustar el efecto
A44: de las subvenciones de explotación y los impuestos indirectos. Para facilitar su cumplimentación, se ha incorporado
A45: una herramienta para su cálculo, a la que se accede pinchando en la pestaña "CALCULADORA VALOR AÑADIDO"
A46: (2) Inversión bruta en bienes materiales: La inversión durante el período de referencia en bienes materiales,
A47: valorada antes de realizar los ajustes de valor y antes de deducir la renta obtendia con las cesiones.

Sheet Calculadora Valor añadido
A2: Cálculo valor añadido al coste de los factores
A4: Código/s del PGC | B4: Concepto | C4: Importe
A5: 70 y/ó 75 | B5: (+) Comisiones
B6: (+) Honorarios Profesionales
A7: 740 | B7: (+) Subvenciones oficiales a la explotación recibidas de las Administraciones públicas
A8: 752 / 759 | B8: (+) Otros ingresos
A9: 60 | B9: (-) Compras (bienes consumibles)
A10: 62 | B10: (-) Servicios exteriores (1)
A11: 631 | B11: (-) Otros tributos (2)
B12: TOTAL VALOR AÑADIDO AL COSTE DE LOS FACTORES | C12: =C5+C7+C8-C9-C10-C11 -> 0
A14: (1) Servicios exteriores (publicidad, colaboradores, asesoría fiscal, laboral, contable, primas de seguro, alquileres, suministro
A15: de agua, gas, electricidad, teléfono, transporte, servicios bancarios, mensajeria) por su importe total iva incluido.
A17: (2) Otros tributos (IBI, IAE, ITP, AJD, tasas y otros impuestos indirectos).
A19: No incluir amortizaciones, gastos de personal ni gastos e ingresos financieros
A21: Una vez se han rellenado las casillas, la aplicación hace el cálculo y al aceptar traslada el importe al Modelo 3.2
